[Event "*** Titled Tuesday 3|2 Blitz"]
[Site "Chess.com"]
[Date "2016.03.01"]
[Round "6"]
[White "vellottiwizard"]
[Black "evgenyermolaev"]
[Result "1-0"]
[WhiteElo "2468"]
[BlackElo "2093"]
[TimeControl "180+2"]
[EndTime "18:08:06 PST"]
[Termination "vellottiwizard won by resignation"]

1. d4 Nf6 2. c4 c5 3. d5 g6 4. Nc3 Bg7 5. e4 d6 6. f4 O-O 7. Nf3 e6 8. dxe6 Bxe6 9. Bd3 Nc6 10. O-O Bg4 11. h3 Bxf3 12. Qxf3 Nd4 13. Qf2 Nd7 14.
Be3 f5 15. Rad1 Kh8 16. exf5 Nxf5 17. Bxf5 Rxf5 18. Rxd6 Qe7 19. Rfd1 Nb6 20. Bxc5 Nxc4 21. R6d5 Qf6 22. Bd4 Qc6 23. Bxg7+ Kxg7 24. Qd4+ Kh6 25. Rd7 Qb6 26. Qxb6 axb6 27. R1d4 Nxb2 28. g4 1-0

[Event "*** Titled Tuesday 3|2 Blitz"]
[Site "Chess.com"]
[Date "2016.03.01"]
[Round "6"]
[White "Iwannabetheguy"]
[Black "Shivagami"]
[Result "1-0"]
[WhiteElo "2005"]
[BlackElo "1788"]
[TimeControl "180+2"]
[EndTime "18:08:29 PST"]
[Termination "Iwannabetheguy won by checkmate"]

1. e4 c5 2. Nf3 d6 3. d4 cxd4 4.
Nxd4 Nf6 5. Nc3 g6 6. Bc4 Bg7 7. f3 O-O 8. Be3 Nc6 9. Qd2 Bd7 10. O-O-O Rc8 11. Bb3 Ne5 12. h4 Nc4 13. Bxc4 Rxc4 14. h5 Nxh5 15. g4 Nf6 16. Bh6 b5 17. Bxg7 Kxg7 18.
Qh6+ Kg8 19. Nd5 Re8 20. Nxf6+ exf6 21. Qxh7+ Kf8 22. Qh2 Qc7 23. Nb3 Re6 24. Nd4 Re5 25. Qh8+ Ke7 26. Qa8 b4 27. Rh8 Rec5 28. Qf8# 1-0

[Event "*** Titled Tuesday 3|2 Blitz"]
[Site "Chess.com"]
[Date "2016.03.01"]
[Round "6"]
[White "FairChess_on_YouTube"]
[Black "Hikaru"]
[Result "1/2-1/2"]
[WhiteElo "2766"]
[BlackElo "2864"]
[TimeControl "180+2"]
[EndTime "18:08:56 PST"]
[Termination "Game drawn by agreement"]

1. d4 Nf6 2. c4 e6 3. Nf3 d5 4.
Nc3 Be7 5. Bg5 h6 6. Bf4 O-O 7. e3 Nbd7 8. c5 b6 9. b4 a5 10.
a3 c6 11. Be2 Ba6 12. O-O Qc8 13. h3 Bxe2 14. Qxe2 Qb7 15. Rfb1 axb4 16. axb4 Rfc8 17. Qc2 Bd8 18. Ne5 Nxe5 19. Bxe5 Nd7 20. Bd6 Bc7 21. Bxc7 Qxc7 22. Qb2 e5 23. Rxa8 Rxa8 24. Ra1 Re8 25.
Ne2 exd4 26. Nxd4 bxc5 27. bxc5 Qe5 28. Qb7 Nxc5 29. Qxc6 Ne4 30. Ra8 Rxa8 31. Qxa8+ Kh7 1/2-1/2

[Event "*** Titled Tuesday 3|2 Blitz"]
[Site "Chess.com"]
[Date "2016.03.01"]
[Round "6"]
[White "Kawhi_Leonard2"]
[Black "Goala"]
[Result "1-0"]
[WhiteElo "2100"]
[BlackElo "2232"]
[TimeControl "180+2"]
[EndTime "18:09:39 PST"]
[Termination "Kawhi_Leonard2 won by resignation"]

1. e4 e6 2. d4 d5 3. Nd2 Nf6 4. e5 Nfd7 5. Bd3 c5 6. c3 Nc6 7. Ne2 cxd4 8. cxd4 f6 9. exf6 Nxf6 10. Nf3 Bd6 11.
O-O Qc7 12. Bg5 O-O 13. Rc1 h6 14. Bh4 Nh5 15. Bg3 Nxg3 16. hxg3 g5 17. Bb1 Qg7 18.
a3 Bd7 19. Qd3 Be8 20. Rfe1 Rf6 21. Qd2 Bg6 22. Ba2 Be4 23. Nc3 Bxf3 24. gxf3 Kh8 25. Re3 Raf8 26. Rce1 Rxf3 27. Rxf3 Rxf3 28. Rxe6 Nxd4 29.
Rxd6 Rxc3 30. Rd8+ Kh7 31. Bb1+ 1-0

[Event "*** Titled Tuesday 3|2 Blitz"]
[Site "Chess.com"]
[Date "2016.03.01"]
[Round "6"]
[White "TheLancer"]
[Black "SenseiJulio"]
[Result "0-1"]
[WhiteElo "2407"]
[BlackElo "2607"]
[TimeControl "180+2"]
[EndTime "18:09:47 PST"]
[Termination "SenseiJulio won by resignation"]

1. e4 e6 2. d4 d5 3. Nc3 Nf6 4.
Bg5 dxe4 5. Nxe4 Be7 6. Bxf6 gxf6 7. Nf3 f5 8. Nc3 a6 9. Bc4 b5 10. Bb3 c5 11. dxc5 Bxc5 12. Qxd8+ Kxd8 13. Ne5 Ke7 14. Nd3 Bd4 15. a4 Bb7 16. f3 Bxc3+ 17. bxc3 Rg8 18.
axb5 axb5 19. Rxa8 Bxa8 20. Kf2 Nd7 21. c4 bxc4 22. Bxc4 Rc8 23. Bb3 Bc6 24. Re1 Bb5 25. Ne5 Nc5 26. Ba2 Na4 27. Bb3 Nc5 28. Ba2 Ra8 29. Bc4 Bxc4 30. Nxc4 Ra2 31. Ne3 Nd3+ 32.
Ke2 Nxe1 33. Kxe1 f4 0-1

[Event "*** Titled Tuesday 3|2 Blitz"]
[Site "Chess.com"]
[Date "2016.03.01"]
[Round "6"]
[White "ArnaudovP"]
[Black "Quiet_Desperation"]
[Result "0-1"]
[WhiteElo "2294"]
[BlackElo "2249"]
[TimeControl "180+2"]
[EndTime "18:09:59 PST"]
[Termination "Quiet_Desperation won by resignation"]

1. d4 Nf6 2. c4 e6 3. Nc3 Bb4 4. Qc2 Nc6 5. Nf3 d6 6. Bd2 O-O 7. a3 Bxc3 8. Bxc3 Qe7 9. e3 a5 10. Be2 e5 11. d5 Nb8 12. Nd2 Ne8 13. O-O f5 14. Rae1 Nf6 15. f4 e4 16. Kh1 a4 17.
Bd1 Nbd7 18. Rf2 Nc5 19. Be2 Ng4 20. Bxg4 fxg4 21. Rff1 Bf5 22. g3 Nd3 23. Rd1 h5 24.
Kg2 Kf7 25. c5 h4 26. cxd6 cxd6 27. Nc4 Rh8 28. Bd4 Rh7 29. Rh1 Rc8 30. Bb6 Qd7 31. b3 Kg8 32. bxa4 Qf7 33. Bd4 Qxd5 34. Rc1 Nxc1 35.
Rxc1 hxg3 36. hxg3 Be6 0-1

[Event "*** Titled Tuesday 3|2 Blitz"]
[Site "Chess.com"]
[Date "2016.03.01"]
[Round "6"]
[White "hermionegrangermagic"]
[Black "Aygehovit1992"]
[Result "1-0"]
[WhiteElo "2315"]
[BlackElo "2402"]
[TimeControl "180+2"]
[EndTime "18:10:06 PST"]
[Termination "hermionegrangermagic won by resignation"]

1. e4 c5 2. Nf3 d6 3. d4 cxd4 4. Nxd4 Nf6 5. Nc3 g6 6. Be3 Bg7 7. f3 a6 8. Qd2 Nbd7 9. O-O-O Qc7 10. g4 b5 11. g5 b4 12. Nce2 Nh5 13. Ng3 Nxg3 14.
hxg3 Rb8 15. f4 Nc5 16. Bg2 a5 17. e5 a4 18. Nc6 b3 19. axb3 Nxb3+ 20. cxb3 Bd7 21.
exd6 exd6 22. Qxd6 Qxd6 23. Rxd6 Rxb3 24. Bd4 Bxd4 25. Rxd4 Rxg3 26. Re1+ Kf8 27. Rxd7 Rxg2 28. Ree7 Rg1+ 29. Kc2 Rg2+ 30. Kb1 Rg1+ 31. Ka2 1-0

[Event "*** Titled Tuesday 3|2 Blitz"]
[Site "Chess.com"]
[Date "2016.03.01"]
[Round "6"]
[White "yopino"]
[Black "ethylalcohol"]
[Result "0-1"]
[WhiteElo "2173"]
[BlackElo "1763"]
[TimeControl "180+2"]
[EndTime "18:10:16 PST"]
[Termination "ethylalcohol won by resignation"]

1. e4 e5 2. Nf3 Nc6 3. Bc4 Bc5 4. d3 Nf6 5. c3 d5 6. exd5 Nxd5 7. O-O O-O 8. Re1 Bg4 9. h3 Bh5 10. g4 Bg6 11.
Nxe5 Nxe5 12. Rxe5 c6 13. Qf3 Bd6 14. Re1 Nb6 15. Nd2 Nxc4 16. Nxc4 Bxd3 17. Nxd6 Qxd6 18. Rd1 Rad8 19. Bg5 Rd7 20. Rd2 Qg6 21. Be3 Be4 22.
Qe2 Rxd2 23. Qxd2 h5 24. g5 Qf5 25. Kh2 Qf3 26. Rg1 Bd5 27. Qd1 Qe4 28. Qxh5 Re8 29. Bxa7 Qf4+ 30. Rg3 Re1 0-1

[Event "*** Titled Tuesday 3|2 Blitz"]
[Site "Chess.com"]
[Date "2016.03.01"]
[Round "6"]
[White "Titus369"]
[Black "tigra"]
[Result "0-1"]
[WhiteElo "2266"]
[BlackElo "2412"]
[TimeControl "180+2"]
[EndTime "18:10:19 PST"]
[Termination "tigra won by resignation"]

1. e4 c5 2. Nf3 Nc6 3. d4 cxd4 4. Nxd4 g6 5. c4 Bg7 6. Be3 Nf6 7. Nc3 d6 8. Be2 Nxd4 9. Bxd4 O-O 10. f3 Bd7 11.
O-O Bc6 12. Rc1 Nd7 13. Be3 a5 14. b3 Nc5 15. Qd2 e6 16. Rfd1 Be5 17. g3 Qb6 18. Bf1 Qc7 19. Bg2 Rad8 20. Qf2 b6 21. Ne2 b5 22.
Bxc5 dxc5 23. Qxc5 Bd6 24. Qf2 Ba3 25. Rb1 bxc4 26. bxc4 Rxd1+ 27. Rxd1 Ba4 28. Rd3 Bc5 29. Nd4 e5 0-1

[Event "*** Titled Tuesday 3|2 Blitz"]
[Site "Chess.com"]
[Date "2016.03.01"]
[Round "6"]
[White "DanielNaroditsky"]
[Black "spectralsoul"]
[Result "1-0"]
[WhiteElo "2598"]
[BlackElo "2535"]
[TimeControl "180+2"]
[EndTime "18:11:08 PST"]
[Termination "DanielNaroditsky won by resignation"]

1. Nf3 Nf6 2. b4 c6 3. Bb2 a5 4. a3 e6 5. bxa5 Rxa5 6. e3 Be7 7. a4 O-O 8. Bd3 d5 9. O-O Nbd7 10. Nd4 Ra8 11. f4 Nc5 12. Nc3 Nxd3 13. cxd3 Nd7 14. Qc2 Bf6 15. Nce2 e5 16. Nf5 exf4 17.
Nxf4 Bxb2 18. Qxb2 f6 19. Ne6 Qa5 20. Nxf8 Kxf8 21.
Nd6 Qc7 22. Qb4 c5 23. Qf4 Qc6 24. Nb5 Kg8 25. Qc7 Ne5 26. Qd8+ Kf7 27. d4 Nc4 28.
Nc7 Rb8 29. Nxd5 Nxd2 30. Qe7+ Kg6 31. Nf4+ Kh6 32. d5 Qa6 33. Rf2 Nb3 34. Raf1 Qxa4 35. Ne6 Bxe6 36. Rxf6+ gxf6 37. Rxf6+ 1-0

[Event "*** Titled Tuesday 3|2 Blitz"]
[Site "Chess.com"]
[Date "2016.03.01"]
[Round "6"]
[White "Izoria123"]
[Black "dretch"]
[Result "0-1"]
[WhiteElo "2583"]
[BlackElo "2568"]
[TimeControl "180+2"]
[EndTime "18:11:13 PST"]
[Termination "dretch won by resignation"]

1. d4 d5 2. Bf4 Nf6 3. e3 c5 4. dxc5 Nc6 5. Bb5 Qa5+ 6. Nc3 a6 7.
Bxc6+ bxc6 8. Qd4 e6 9. b4 Qa3 10. Nb1 Qc1+ 11. Qd1 Qb2 12. Qd4 Qc1+ 13. Qd1 Qxd1+ 14.
Kxd1 a5 15. c3 Ne4 16. Ke1 g5 17. Be5 f6 18. f3 fxe5 19. fxe4 g4 20. a3 Bh6 21.
Nd2 Bxe3 22. Ne2 Rf8 23. Rf1 axb4 24. Rxf8+ Kxf8 25. cxb4 Ba6 26. Nf1 Bg5 27. Nfg3 Ke7 28. h3 gxh3 29. gxh3 Bc4 30. Kf2 Rf8+ 31. Kg2 Be3 32.
Rf1 Ra8 33. Rf3 Rxa3 34. Nf1 Bxe2 0-1

[Event "*** Titled Tuesday 3|2 Blitz"]
[Site "Chess.com"]
[Date "2016.03.01"]
[Round "6"]
[White "josiwales"]
[Black "thegreendog"]
[Result "1-0"]
[WhiteElo "2107"]
[BlackElo "2219"]
[TimeControl "180+2"]
[EndTime "18:11:17 PST"]
[Termination "josiwales won by resignation"]

1. e4 c5 2. Nc3 Nc6 3. g3 g6 4.
Bg2 Bg7 5. d3 b6 6. Be3 Bb7 7.
Qd2 h5 8. f4 e6 9. Nf3 Nge7 10.
h3 Nd4 11. O-O Nxf3+ 12. Bxf3 d5 13. exd5 Nxd5 14. Nxd5 Bxd5 15. c3 Qd7 16. Rad1 Rd8 17. d4 Bxf3 18. Rxf3 Qd5 19. dxc5 Qxd2 20. Rxd2 Rxd2 21.
Bxd2 bxc5 22. Be3 Bf8 23. Bf2 Kd7 24. c4 Bd6 25. Ra3 Ra8 26. Ra6 Kc7 27. Kg2 Be7 28. Kf3 Kb7 29. Ra5 Kb6 30. Rb5+ Kc6 31. Ke4 Rd8 32. a3 a6 33. Rb3 Rd2 34. Be3 Rh2 35. h4 Bf6 36. Rb8 Bxb2 37. Rc8+ Kd7 38. Rxc5 Bxa3 39.
Ra5 Bd6 40. Rxa6 Rc2 41. Ra7+ Ke8 42. c5 Be7 43. Ra8+ Bd8 44. Kd3 Rg2 45. c6 Ke7 46. Bc5+ Kf6 47. Rxd8 Rxg3+ 48. Ke4 Rg1 49. Bxg1 1-0

[Event "*** Titled Tuesday 3|2 Blitz"]
[Site "Chess.com"]
[Date "2016.03.01"]
[Round "6"]
[White "GMHess"]
[Black "Zazuliak"]
[Result "1-0"]
[WhiteElo "2616"]
[BlackElo "2338"]
[TimeControl "180+2"]
[EndTime "18:11:35 PST"]
[Termination "GMHess won by resignation"]

1. b3 Nf6 2. Bb2 g6 3. Bxf6 exf6 4. c4 Bg7 5. Nc3 f5 6. Rc1 O-O 7. e3 Re8 8. Be2 b6 9. Nh3 Bb7 10. O-O Nc6 11. Bf3 Na5 12. Nf4 Be5 13. Bxb7 Nxb7 14. Qf3 Nd6 15. d4 Bxf4 16. Qxf4 Ne4 17. c5 Nxc3 18.
Rxc3 b5 19. f3 c6 20. e4 fxe4 21. fxe4 Qe7 22. e5 Rf8 23. Rcf3 Rae8 24. Qh6 f5 25.
exf6 Qf7 26. h4 Re4 27. h5 Rg4 28. Rf4 gxh5 29. Rf5 Qg6 30. f7+ Rxf7 31. Qxg6+ hxg6 32. Rxf7 Rxd4 33. Re7 Rd2 34. Rf6 g5 1-0

[Event "*** Titled Tuesday 3|2 Blitz"]
[Site "Chess.com"]
[Date "2016.03.01"]
[Round "6"]
[White "jcibarra"]
[Black "jcgs1030"]
[Result "1-0"]
[WhiteElo "2496"]
[BlackElo "2213"]
[TimeControl "180+2"]
[EndTime "18:11:37 PST"]
[Termination "jcibarra won by resignation"]

1. e4 c5 2. Nf3 d6 3. d4 cxd4 4.
Nxd4 Nf6 5. Nc3 g6 6. Be3 a6 7. f3 b5 8. g4 Bb7 9. h4 h5 10. g5 Nfd7 11. a4 b4 12. Nd5 Bxd5 13. exd5 Bg7 14. Qd2 O-O 15. Qxb4 Ne5 16. Be2 Nbd7 17. Qd2 Qc7 18. b3 Nc5 19. O-O Qc8 20. Kg2 Qb7 21. b4 Ncd7 22. c4 Rfc8 23. Rfc1 Nb6 24. Qa2 Rc7 25. a5 Nbd7 26. Rab1 Rac8 27. c5 dxc5 28. bxc5 Qa8 29. c6 Nf8 30. Rb6 f6 31. d6+ Kh7 32. dxc7 Rxc7 33. Bxa6 fxg5 34. hxg5 Qe8 35. Be2 Qd8 36. Rb7 Qd6 37. Rxc7 Qxc7 38. f4 Ng4 39. Bxg4 hxg4 40. Rh1+ 1-0

[Event "*** Titled Tuesday 3|2 Blitz"]
[Site "Chess.com"]
[Date "2016.03.01"]
[Round "6"]
[White "djgwards"]
[Black "chesstatour"]
[Result "1-0"]
[WhiteElo "2247"]
[BlackElo "1991"]
[TimeControl "180+2"]
[EndTime "18:11:58 PST"]
[Termination "djgwards won by resignation"]

1. d4 Nf6 2. c4 e6 3. Nc3 Bb4 4. e3 O-O 5. Bd3 d5 6. a3 Be7 7.
Nf3 c5 8. cxd5 Nxd5 9. O-O cxd4 10.
Nxd4 Nc6 11. Nxc6 bxc6 12. Qc2 g6 13. Rd1 Bf6 14. Ne4 Bg7 15. Nc5 Qe7 16. e4 Nb6 17. Be3 e5 18. Rac1 Nd7 19. Nxd7 Bxd7 20. Bc5 Qe6 21. Bxf8 Rxf8 22. Bc4 Qe7 23. Qd3 Bc8 24. Qd6 Qg5 25. Qxc6 Bh3 26. Bf1 h5 27. Rc3 Be6 28.
Rcd3 Rc8 29. Qa4 h4 30. h3 Kh7 31. b4 Qf4 32. b5 Rc4 33. Qxa7 Rxe4 34. b6 Rd4 35. b7 Rxd3 36. Bxd3 e4 37. b8=Q Be5 38. Qxe5 Qxe5 39. Qe3 Bf5 40. Re1 1-0

[Event "*** Titled Tuesday 3|2 Blitz"]
[Site "Chess.com"]
[Date "2016.03.01"]
[Round "6"]
[White "TheMagician"]
[Black "Rating-Schmating"]
[Result "1-0"]
[WhiteElo "2153"]
[BlackElo "2260"]
[TimeControl "180+2"]
[EndTime "18:12:02 PST"]
[Termination "TheMagician won by checkmate"]

1. b3 e6 2. Bb2 d5 3. f4 c5 4. e3 Nc6 5. Bb5 Nf6 6. Bxc6+ bxc6 7. Nf3 Ba6 8. Ne5 Qc7 9. d3 Bd6 10. Nd2 Nd7 11. Nxd7 Qxd7 12. O-O f6 13. c4 O-O 14. e4 e5 15. f5 Kh8 16. Qh5 Qf7 17. Qh4 g6 18. Rf3 gxf5 19. Rxf5 Bc8 20. Raf1 Bxf5 21. Rxf5 d4 22. Nf3 Qg6 23. Bc1 Rg8 24. Qh3 Raf8 25. Rh5 Rf7 26. Rh6 Qg4 27. Qxg4 Rxg4 28. Rh5 a5 29. g3 a4 30. Kg2 axb3 31. axb3 Rg8 32. Bh6 Bf8 33. Bxf8 Rgxf8 34. Rf5 Rb8 35. Nxe5 Rff8 36.
Nd7 Rfd8 37. Nxb8 Rxb8 38. Rxf6 Rxb3 39. Rxc6 Rxd3 40. Rxc5 Kg7 41. Rd5 Kf6 42. h4 Ke6 43. Kh3 Rd1 44. c5 d3 45. c6 d2 46. c7 Rc1 47. Rxd2 Rxc7 48. Kg4 Ke5 49. Kh5 Rg7 50. Rg2 Kxe4 51. g4 Kf4 52. Rf2+ Kg3 53. Ra2 Kf4 54.
Ra4+ Ke5 55. g5 Rb7 56. Ra6 Kf5 57. Rf6+ Ke5 58. Kh6 Rc7 59. h5 Rb7 60. Rf8 Ke6 61. g6 hxg6 62. hxg6 Rb1 63. Kg7 Ke7 64. Rf5 Ke6 65.
Rf6+ Ke7 66. Rf4 Re1 67. Rh4 Re2 68. Kh7 Re4 69. Rxe4+ Kf6 70. g7 Kf5 71. Re8 Kf6 72.
g8=Q Kf5 73. Qg6+ Kf4 74. Re4+ Kf3 75. Qg4+ Kf2 76. Re2+ Kf1 77. Qg2# 1-0

[Event "*** Titled Tuesday 3|2 Blitz"]
[Site "Chess.com"]
[Date "2016.03.01"]
[Round "6"]
[White "davidarenas1224"]
[Black "LADIESGET2KNOWME"]
[Result "0-1"]
[WhiteElo "2196"]
[BlackElo "2368"]
[TimeControl "180+2"]
[EndTime "18:12:14 PST"]
[Termination "LADIESGET2KNOWME won by checkmate"]

1. e4 e6 2. d4 d5 3. Nc3 Nf6 4.
Bg5 Be7 5. e5 Nfd7 6. h4 O-O 7.
f4 c5 8. Bxe7 Qxe7 9. Nf3 cxd4 10. Nxd4 Nc6 11. Qd2 f6 12. exf6 Qxf6 13. Nxc6 bxc6 14.
g3 Rb8 15. O-O-O e5 16. Bg2 exf4 17. Rhf1 Nc5 18. Rxf4 Qd8 19. Rdf1 Rxf4 20. Qxf4 Be6 21. h5 Qb6 22. b3 h6 23. Qe5 Bg4 24. Bxd5+ cxd5 25.
Nxd5 Qb5 26. Rf4 Bh3 27. a4 Nxb3+ 28. cxb3 Qxb3 29. Ne7+ Kh8 30. Ng6+ Kh7 31. Qe4 Qb2+ 32. Kd1 Rd8+ 33. Ke1 Qc1+ 34. Kf2 Rd2+ 35. Kf3 Qf1+ 36.
Ke3 Qe1+ 37. Kf3 Rf2# 0-1

[Event "*** Titled Tuesday 3|2 Blitz"]
[Site "Chess.com"]
[Date "2016.03.01"]
[Round "6"]
[White "chessdude"]
[Black "GianmarcoVaR"]
[Result "1-0"]
[WhiteElo "2402"]
[BlackElo "2362"]
[TimeControl "180+2"]
[EndTime "18:12:34 PST"]
[Termination "chessdude won by resignation"]

1. Nf3 Nf6 2. c4 b6 3. g3 Bb7 4.
Bg2 c5 5. Nc3 e6 6. O-O a6 7.
Re1 Be7 8. e4 O-O 9. d4 cxd4 10.
Nxd4 Qc7 11. b3 d6 12. Bb2 Nbd7 13. Qe2 Rac8 14. Rad1 Rfe8 15. f4 Qb8 16. g4 e5 17.
Nf5 exf4 18. g5 Nxe4 19. Bxe4 Bf8 20. Qc2 Ne5 21. Nd5 b5 22. Bh1 bxc4 23. Nh6+ Kh8 24. Bxe5 dxe5 25. Nxf7+ Kg8 26. g6 hxg6 27. Qxg6 Rc6 28.
Ne7+ Rxe7 29. Bxc6 Rxf7 30. Bxb7 Rxb7 31. Qe6+ Rf7 32.
Rd7 Bc5+ 33. Kf1 Qf8 34. Rxe5 cxb3 35. axb3 Be3 36. Rf5 Qe8 37. Qxe8+ 1-0

[Event "*** Titled Tuesday 3|2 Blitz"]
[Site "Chess.com"]
[Date "2016.03.01"]
[Round "6"]
[White "Recombinant"]
[Black "Gau_truc_lon"]
[Result "0-1"]
[WhiteElo "2195"]
[BlackElo "2151"]
[TimeControl "180+2"]
[EndTime "18:12:35 PST"]
[Termination "Gau_truc_lon won on time"]

1. d4 d5 2. c4 c6 3. Nf3 Nf6 4. Nc3 e6 5. Bg5 dxc4 6. e4 b5 7. e5 h6 8. Bh4 g5 9. Nxg5 hxg5 10. Bxg5 Nbd7 11. exf6 Bb7 12. g3 c5 13. d5 Qb6 14. Bg2 O-O-O 15. O-O b4 16. Rb1 Qa6 17. dxe6 Bxg2 18. e7 Bxf1 19. Kxf1 Bxe7 20. fxe7 Rdg8 21. Ne4 Rxh2 22. Kg1 Rgh8 23. Nd6+ Kc7 24. e8=N+ Kb8 25. Bh4 R2xh4 26. gxh4 Rg8+ 27. Kf1 c3+ 28. Qe2 Rg1+ 29.
Kxg1 Qxe2 30. bxc3 Qg4+ 31. Kh2 Qxh4+ 32. Kg1 Qg4+ 33.
Kh2 Qh5+ 34. Kg3 Qg6+ 35. Kf4 Qxb1 36. cxb4 Qxb4+ 37. Kf5 Qb1+ 38. Kf4 Qxa2 39. f3 Qe6 40. Kg3 c4 41. Kf2 c3 0-1

[Event "*** Titled Tuesday 3|2 Blitz"]
[Site "Chess.com"]
[Date "2016.03.01"]
[Round "6"]
[White "GM_Huschenbeth"]
[Black "AlexanderL"]
[Result "0-1"]
[WhiteElo "2397"]
[BlackElo "2586"]
[TimeControl "180+2"]
[EndTime "18:12:36 PST"]
[Termination "AlexanderL won by checkmate"]

1. e4 e6 2. d4 d5 3. Nd2 c5 4. exd5 Qxd5 5. Ngf3 cxd4 6. Bc4 Qd6 7.
O-O Nf6 8. Nb3 Nc6 9. Nbxd4 Nxd4 10. Nxd4 Be7 11. Nb5 Qxd1 12. Rxd1 O-O 13. Bg5 a6 14. Nd6 Bxd6 15. Bxf6 Bxh2+ 16. Kxh2 gxf6 17. a4 b6 18. Rd6 Rb8 19. Ra3 Re8 20. Rb3 Bb7 21. Rdxb6 Rbc8 22. Rg3+ Kf8 23. Bd3 Rc7 24. c3 Rd8 25. Bxa6 Bxa6 26.
Rxa6 Rd2 27. b4 Rxf2 28. b5 Rb2 29. b6 Rc5 30. a5 f5 31. Ra8+ Ke7 32. Ra7+ Kf6 33. b7 f4 34. Rf3 Rg5 35. Rxf4+ Kg6 36. Rf2 Rxf2 37. b8=Q Rfxg2+ 38. Kh3 Rg1 39. Kh2 R1g2+ 40.
Kh3 Rg1 41. Qg8+ Kh6 42. Qf8+ Rg7 43. Rxf7 Rh1# 0-1

[Event "*** Titled Tuesday 3|2 Blitz"]
[Site "Chess.com"]
[Date "2016.03.01"]
[Round "6"]
[White "jk13"]
[Black "Fins0905"]
[Result "0-1"]
[WhiteElo "2434"]
[BlackElo "2464"]
[TimeControl "180+2"]
[EndTime "18:12:43 PST"]
[Termination "Fins0905 won by resignation"]

1. e4 e5 2. Nf3 Nc6 3. Bc4 Bc5 4. c3 Nf6 5. d3 a6 6. Bb3 O-O 7. O-O Ba7 8. h3 h6 9. Re1 d6 10. Nbd2 Re8 11. Nf1 Be6 12. Bc2 Ne7 13. Ng3 Ng6 14.
d4 c6 15. Be3 Qc7 16. Qd2 Bb6 17. a3 Rad8 18. Rad1 c5 19. Bb1 Bb3 20. Rc1 Be6 21. Bxh6 gxh6 22. Qxh6 Qe7 23. Nf5 Qf8 24. Qg5 Nh7 25.
Qg3 Bc7 26. d5 Bc8 27. N3h4 Kh8 28. Nxg6+ fxg6 29. Qxg6 Bxf5 30. exf5 Qf6 31. Qxf6+ Nxf6 32. c4 b5 33. b3 Rg8 34. g4 Rdf8 35. Bd3 Nh5 36.
Bf1 bxc4 37. Rxc4 Nf4 38. Re3 Rxf5 39. Bg2 Rf7 40. Be4 Rb8 41. Ra4 a5 42. h4 Bb6 43.
Rc4 Rg8 44. f3 Bd8 45. g5 Bxg5 46. hxg5 Rxg5+ 47. Kf2 Rf6 48. Re1 Rg2+ 49. Ke3 Rh6 50. Rc2 Rxc2 51. Bxc2 Ng2+ 52. Kd2 Nxe1 53. Kxe1 Rh2 54.
Kd1 Kg7 55. a4 Kf6 56. Kc1 Kg5 57. Be4 Kf4 58. Kb1 Ke3 59. Kc1 Rf2 0-1

[Event "*** Titled Tuesday 3|2 Blitz"]
[Site "Chess.com"]
[Date "2016.03.01"]
[Round "6"]
[White "chessking2151"]
[Black "MMSANCHEZ"]
[Result "1-0"]
[WhiteElo "2319"]
[BlackElo "2258"]
[TimeControl "180+2"]
[EndTime "18:13:30 PST"]
[Termination "chessking2151 won by resignation"]

1. e4 e6 2. d4 d5 3. Nd2 c5 4.
exd5 Qxd5 5. Ngf3 cxd4 6. Bc4 Qd6 7. O-O Nc6 8. Nb3 Nf6 9. Nbxd4 Nxd4 10. Nxd4 a6 11.
Re1 Be7 12. b3 O-O 13. a4 Qc7 14. Qf3 Qb6 15. Bb2 Bc5 16. Rad1 Bd7 17. Qg3 Rad8 18. Rf1 e5 19. Nf3 Ne4 20. Qxe5 Qf6 21. Qxf6 Nxf6 22. Ne5 Be6 23. Bxe6 fxe6 24. Rxd8 Rxd8 25. Bc1 Bd4 26. Nd3 e5 27. Re1 e4 28. Nf4 Ng4 29.
Nh3 Re8 30. Re2 h6 31. Kf1 Nxh2+ 32. Ke1 Ng4 33. f3 Nf6 34. Nf4 exf3 35. Rxe8+ Nxe8 36. gxf3 Be5 37. Nd3 Bd6 38. Kf2 Kf7 39. c4 b6 40. Be3 Bc7 41. Nb4 a5 42. Nd5 Bd8 43. Bxb6 Bxb6+ 44. Nxb6 Nd6 45. c5 Nb7 46. c6 Nd6 47. c7 Ke6 48. c8=Q+ Nxc8 49. Nxc8 Kd5 50. Nb6+ Kc5 51. Nc4 Kb4 52. Nxa5 Kxa5 53. Kg3 Kb4 54. f4 g6 55. Kg4 h5+ 56. Kg5 Ka5 57. f5 gxf5 58. Kxh5 Kb4 59. Kg5 Kxb3 60. a5 Kc4 61. a6 Kd4 62. Kxf5 1-0

[Event "*** Titled Tuesday 3|2 Blitz"]
[Site "Chess.com"]
[Date "2016.03.01"]
[Round "6"]
[White "GrigorGrigorov"]
[Black "MinhGTrAn"]
[Result "1-0"]
[WhiteElo "2550"]
[BlackElo "2657"]
[TimeControl "180+2"]
[EndTime "18:13:46 PST"]
[Termination "GrigorGrigorov won by resignation"]

1. d4 Nf6 2. c4 e6 3. Nf3 b6 4.
g3 Bb7 5. Bg2 Be7 6. O-O O-O 7.
Nc3 Ne4 8. Qc2 Nxc3 9. Qxc3 c5 10. Rd1 d6 11. Bf4 cxd4 12. Nxd4 Bxg2 13. Kxg2 Bf6 14.
Qf3 d5 15. Bxb8 Qxb8 16. cxd5 exd5 17. Rac1 Qe5 18. b3 Qe4 19. Nc6 Rfe8 20. e3 Bb2 21. Qxe4 dxe4 22. Rc2 Bf6 23. b4 a6 24. a4 Rac8 25. b5 axb5 26. axb5 Rc7 27. Ra2 h5 28. h3 Be7 29. Rd5 Bc5 30. Rxh5 Rd7 31. Rf5 g6 32. Re5 Rxe5 33. Nxe5 Rd5 34. Nc4 Rd3 35. Ra6 Rb3 36.
Nxb6 Rxb5 37. Nd7 Be7 38. Nf6+ Bxf6 39. Rxf6 Kg7 40. Rd6 Re5 41. g4 g5 42. Kg3 f6 43.
h4 gxh4+ 44. Kxh4 Kg6 45. Rd7 Re6 46. Kg3 f5 47. Rd5 fxg4 48. Kxg4 Rf6 49. Rg5+ Kh6 50. Rf5 Re6 51. Kf4 Kg6 52. Re5 Rf6+ 53. Kg3 Rf3+ 54.
Kg2 Rf4 1-0

[Event "*** Titled Tuesday 3|2 Blitz"]
[Site "Chess.com"]
[Date "2016.03.01"]
[Round "6"]
[White "maciek_92"]
[Black "Dlugy"]
[Result "1-0"]
[WhiteElo "2466"]
[BlackElo "2589"]
[TimeControl "180+2"]
[EndTime "18:15:31 PST"]
[Termination "maciek_92 won by resignation"]

1. c4 Nf6 2. Nc3 g6 3. g3 Bg7 4. Bg2 O-O 5. d4 d6 6. Nf3 c6 7.
O-O Qa5 8. h3 e5 9. Bd2 Nbd7 10.
Rc1 Qc7 11. e4 exd4 12. Nxd4 Nc5 13. Bf4 Rd8 14. Re1 Qb6 15. b3 a5 16. Rb1 Nh5 17. Be3 Qc7 18. Qd2 Re8 19. Rbd1 Bd7 20. Nde2 Be6 21. Qxd6 Qxd6 22. Rxd6 Na6 23. Red1 Nb4 24. R6d2 h6 25. a3 Na6 26. Bb6 Bf8 27. Nb1 Nc5 28.
Nd4 Ra6 29. Bc7 Bc8 30. e5 Ng7 31. Bd6 Nf5 32. Bxf8 Kxf8 33. b4 axb4 34. axb4 Nxd4 35. Rxd4 Ne6 36. R4d3 Ra4 37. Rb3 Nc7 38. f4 Be6 39. Nd2 Rd8 40. Rbb1 Rd4 41. b5 Ra2 42. bxc6 bxc6 43.
Nf1 Rxd1 44. Rxd1 Bxc4 45. Bxc6 Bxf1 46. Kxf1 h5 47. h4 Rc2 48. Be4 Rc3 49. Rd3 Rc4 50.
Bf3 Ne6 51. Kf2 Nd4 52. Bd5 Rc2+ 53. Kf1 Nf5 54. Be4 Nh6 55. Bf3 Ke7 56. Be2 Nf5 57.
Kf2 Rb2 58. Ke1 Rb1+ 59. Kf2 Rb2 60. Kf1 Ke6 61. Kf2 Ne7 62. Kf3 Nf5 63. Kf2 Ke7 64. Kf1 Rb4 65. Kf2 Ra4 66. Rd2 Nd4 67. Bd3 Ke6 68.
Ke3 Nb3 69. Rc2 Nd4 70. Bc4+ Kf5 71. Kxd4 Kg4 72. Rc3 Ra7 73. Ke4 Re7 74. Be2+ Kh3 75. f5 f6 76. e6 g5 77. hxg5 fxg5 78. Bxh5 g4 79. Bf7 Ra7 80. f6 Ra3 81. Rxa3 1-0